 Dungeon Crawl Stone Soup version 0.30-a0-972-gf3ab3527aa (webtiles) character file.

Game seed: 17348707478445056982

131 vishdafish the Conjurer (level 4, -1/45 HPs)
             Began as a Demonspawn Conjurer on Mar 31, 2023.
             Slain by Grinder (6 damage)
             ... on level 3 of the Dungeon.
             The game lasted 00:03:34 (2831 turns).

vishdafish the Conjurer (Demonspawn Conjurer)       Turns: 2831, Time: 00:03:35

Health: -1/45      AC: 22    Str: 10    XL:     4   Next: 91%
Magic:  5/8        EV:  2    Int: 22    God:
Gold:   100        SH:  5    Dex: 11    Spells: 8/9 levels left

rFire   . . .      SeeInvis .    l - +8 long sword "Irghodet" {protect, Str+3}
rCold   . . .      Faith    .    (no shield)
rNeg    . . .      Spirit   .    m - melded +3 ring mail
rPois   +          Reflect  +    (helmet currently unavailable)
rElec   .          Rampage  .    (cloak currently unavailable)
rCorr   .          NoTele   +    (gloves currently unavailable)
Will    .....                    (boots currently unavailable)
Stlth   ++                       p - amulet of reflection
HPRegen 0.27/turn                (no ring)
MPRegen 0.11/turn                (no ring)

@: tree-form (expiring)
A: stationary, stasis, torment immunity, boosted hp, (thin metallic scales 1)
a: no special abilities


You were on level 3 of the Dungeon.
You were a tree.
You visited 1 branch of the dungeon, and saw 3 of its levels.

You collected 100 gold pieces.

Inventory:

Hand Weapons
 e - a +2 vampiric dagger
 l - the +8 long sword "Irghodet" (weapon) {protect, Str+3}
   (You found it on level 2 of the Dungeon)

   Str:       It affects your strength (+3).
Armour
 a - a +0 robe
 m - a +3 ring mail (melded)
Jewellery
 k - a ring of ice
 p - an amulet of reflection (around neck)
Scrolls
 c - a scroll of teleportation
 d - a scroll of enchant weapon
 f - a scroll of acquirement {unknown}
 j - a scroll of poison {unknown}
Potions
 b - 2 potions of magic
 i - a potion of attraction
 n - a potion of curing
 o - a potion of haste {unknown}


   Skills:
 + Level 2.5 Long Blades
 - Level 1.7 Dodging
 - Level 1.7 Stealth
 - Level 3.0 Spellcasting
 - Level 4.7 Conjurations


You had 8 spell levels left.
You knew the following spells:

 Your Spells              Type           Power      Damage    Failure   Level
a - Magic Dart            Conj           96%        1d7       1%          1

Your spell library contained the following spells:

 Spells                   Type           Power      Damage    Failure   Level
 Searing Ray              Conj           48%        2d6       2%          2
 Dazzling Flash           Conj/Hex       26%        N/A       14%         3
 Fulminant Prism          Conj/Hex       6%         3d7       43%         4
 Iskenderun's Mystic Bla  Conj/Tloc      13%        2d5       43%         4
 Summon Ice Beast         Ice/Summ       3%         N/A       77%         4
 Summon Mana Viper        Hex/Summ       3%         N/A       98%         5
 Monstrous Menagerie      Summ           1%         N/A       100%        7


Dungeon Overview and Level Annotations

Branches:
Dungeon (3/15)

Altars:

Annotations:
D:3 Grinder


Innate Abilities, Weirdness & Mutations

You are a tree.
Your roots penetrate the ground, keeping you stationary.
You cannot be teleported.
You are immune to unholy pain and torment.
Your maximum health is greatly increased.
Your equipment is partially melded.
((You are partially covered in thin metallic scales. (AC +2)))


Message History

Grinder hits you!
You writhe in agony.
Grinder says, "Mostly I couldn't keep them alive."
Grinder hits you!
You writhe in agony.
You can move again.
Unknown command.
You are too injured to fight recklessly!
You are too injured to fight recklessly!
You are too injured to fight recklessly!
You closely miss Grinder.
Grinder is moderately wounded.
Grinder barely misses you.
You hit Grinder.
Your weapon exudes an aura of protection.
Grinder is heavily wounded.
Grinder says, "DUCK!"
Grinder blinks!
The magic dart hits Grinder.
Grinder is heavily wounded.
Grinder blinks!
You can't see any susceptible monsters within range! (Use Z to cast anyway.) Grinder is nearby!
The magic dart hits Grinder.
Grinder is severely wounded.
The magic dart hits Grinder.
Grinder is severely wounded.
Grinder gestures at you.
You suddenly lose the ability to move!
Your transformation is almost over.
Grinder hits you!
* * * LOW HITPOINT WARNING * * *
You writhe in agony.
* * * LOW HITPOINT WARNING * * *
You can move again.
Unknown command.
You closely miss Grinder.
Grinder is severely wounded.
Grinder hits you.
* * * LOW HITPOINT WARNING * * *
You writhe in agony.
You die...

######### #.......# ###.#####.#
#........># #.#.##########
############.#.#........#
#............#.#.######.#######
#.############♣#.# #.#.<....
###.# #.........5..# #.#.#####
....# #.#######.#########.#.#
.#### #.#.............5.#.#.#
.### #.#.#####.#######.#...#
...####.....#...# #.#####
##.##.........### #.#
.#..'........## #.#
.####........# #.#


You could see Grinder (strong).

Vanquished Creatures
  4 gnolls (D:2)
  4 adders
  A dart slug (D:2)
  6 bats
  8 endoplasms
  5 giant cockroaches
  2 goblins
  6 hobgoblins
  2 quokkas
  9 ball pythons
  2 frilled lizards (D:1)
  4 kobolds
  2 rats
55 creatures vanquished.

Notes
Turn   | Place    | Note
-------+----------+-------------------------------------------
     0 | D:1      | vishdafish the Demonspawn Conjurer began the quest for the
                  | Orb.
     0 | D:1      | Reached XP level 1. HP: 13/13 MP: 3/3
   357 | D:1      | Gained mutation: You are partially covered in thin metallic
                  | scales. (AC +2) [demonic ancestry]
   357 | D:1      | Reached XP level 2. HP: 19/19 MP: 1/5
  1389 | D:2      | Reached XP level 3. HP: 24/24 MP: 5/7
  1751 | D:2      | Identified the +8 long sword "Irghodet" {protect, Str+3}
  1909 | D:2      | Reached XP level 4. HP: 29/30 MP: 8/8
  1934 | D:2      | Reached skill level 1 in Long Blades
  2656 | D:3      | Noticed Grinder
  2817 | D:3      | Paralysed by Grinder for 5 turns
  2828 | D:3      | Paralysed by Grinder for 3 turns
  2831 | D:3      | Slain by Grinder

Illustrated notes

Levels and vault maps discovered:
D:1:      scummos_arrival_forest, layout_loops_corners, roderic_malta_cross,
          minmay_misc_feat_rows
D:2:      layout_loops_cross, kennysheep_generic_room_6
D:3:      layout_basic, nicolae_ru_awakened_eye, uniq_grinder

Skill      XL: |  1  2  3  4 |
---------------+-------------+-----
Spellcasting   | 3 |  3.0
Long Blades    | 2 |  2.5
Dodging        | |  1.7
Stealth        | |  1.7
Conjurations   | |  4.7

Action                     |  1- 3 |  4- 6 || total
---------------------------+-------+-------++-------
  Melee: Unarmed           |    12 |    12 ||    24
         Dagger            |    11 |       ||    11
         Long sword        |     8 |    33 ||    41
   Cast: Magic Dart        |    63 |    15 ||    78
    Use: Scroll            |       |     5 ||     5
         Potion            |       |     1 ||     1
   Stab: Sleeping          |     1 |       ||     1
 Armour: Robe              |    10 |       ||    10
         Ring mail         |     1 |    18 ||    19
         Skin              |       |     3 ||     3
  Dodge: Dodged            |    27 |    31 ||    58
  Block: Other             |       |     4 ||     4

Table legend: (Time is in decaauts)
 A = Elapsed time spent in this place.
 B = Non-inter-level travel time spent in this place.
 C = Inter-level travel time spent in this place.
 D = Time resting spent in this place.
 E = Time spent auto-exploring this place.
 F = Levels seen in this place.
 G = Mean time per level.
                   A        B        C        D        E       F      G
               +--------+--------+--------+--------+--------+-----+--------+
         Total |   2835 |   2685 |    150 |      0 |   2360 |   3 |  945.0 |
       Dungeon |   2835 |   2685 |    150 |      0 |   2360 |   3 |  945.0 |
               +--------+--------+--------+--------+--------+-----+--------+

Top non-repeatable levels by time:
     D:1: 1350 daAuts
     D:2: 1042 daAuts
     D:3: 442 daAuts
